 Dungeon Crawl Stone Soup version 0.29-a0-121-g8efb068a30 (webtiles) character file.

Game seed: 16456344495637875621

625 Gargoyl the Chopper (level 7, -4/44 HPs)
             Began as a Gargoyle Abyssal Knight on Feb 20, 2022.
             Was a Priest of Lugonu.
             Slain by an ogre (10 damage)
             ... on level 4 of the Dungeon.
             The game lasted 00:04:24 (4316 turns).

Gargoyl the Chopper (Gargoyle Abyssal Knight)       Turns: 4316, Time: 00:04:25

Health: -4/44      AC: 16    Str: 19    XL:     7   Next: 47%
Magic:  17/17      EV:  8    Int: 10    God:    Lugonu [***...]
Gold:   208        SH:  0    Dex: 10    Spells: 6/6 levels left

rFire   . . .      SeeInvis .   a - +2 hand axe
rCold   + . .      Faith    .   (no shield)
rNeg    + . .      Spirit   .   h - +0 chain mail
rPois   ∞          Reflect  .   j - +0 helmet
rElec   +          Harm     .   e - +0 cloak
rCorr   .          Rampage  .   (no gloves)
Will    .....                   (no boots)
Stlth   ..........              (no amulet)
HPRegen 0.14/turn               n - ring of magical power
MPRegen 0.15/turn               m - ring of protection from cold

@: no status effects
A: sickness immunity, AC +4, negative energy resistance 1, electricity
resistance, torment resistance 1, petrification resistance
a: Renounce Religion, Depart the Abyss, Bend Space, Banish


You were on level 4 of the Dungeon.
You worshipped Lugonu.
Lugonu was most pleased with you.
You visited 1 branch of the dungeon, and saw 4 of its levels.
You visited the Abyss 1 time.

You collected 208 gold pieces.

Inventory:

Hand Weapons
 a - a +2 hand axe (weapon)
Missiles
 d - 3 poisoned darts (quivered)
Armour
 e - a +0 cloak (worn)
 h - a +0 chain mail (worn)
 j - a +0 helmet (worn)
Jewellery
 m - a ring of protection from cold (right hand)
 n - a ring of magical power (left hand)
Scrolls
 k - a scroll of teleportation
 l - a scroll of magic mapping
Potions
 b - a potion of flight {unknown}
 f - a potion of brilliance
 g - 3 potions of curing
 i - a potion of cancellation


   Skills:
 + Level 4.7 Fighting
 + Level 5.1 Axes
 + Level 0.4 Throwing
 + Level 4.0 Armour
 + Level 2.1 Dodging
 + Level 1.8 Stealth
 * Level 2.2 Invocations


You had 6 spell levels left.
You didn't know any spells.
Your spell library was empty.

Dungeon Overview and Level Annotations

Branches:
Dungeon (4/15)
 Temple: D:4-7

Altars:
Kikubaaqudgha


Innate Abilities, Weirdness & Mutations

You are immune to sickness and miasma.
Your stone body is resilient. (AC +4)
You are immune to poison.
You resist negative energy. (rN+)
You are resistant to electric shocks. (rElec)
You are resistant to unholy torment.
You are immune to petrification.


Message History

Your roots penetrate the ground.
The ogre hits you with a +0 giant spiked club!
Unknown command.
You hit the ogre.
The ogre is lightly wounded.
The ogre hits you but does no damage.
You hit the ogre.
The ogre is moderately wounded.
Unknown command.
You barely miss the ogre.
The ogre is moderately wounded.
The ogre hits you with a +0 giant spiked club.
You hit the ogre.
The ogre is heavily wounded.
The ogre hits you but does no damage.
You barely miss the ogre.
The ogre is heavily wounded.
The ogre hits you with a +0 giant spiked club!
* * * LOW HITPOINT WARNING * * *
You hit the ogre.
The ogre is heavily wounded.
The ogre hits you but does no damage.
Unknown command.
It was a potion of brilliance.
You feel clever all of a sudden.
It was a potion of curing.
You feel better.
The ogre hits you with a +0 giant spiked club!
* * * LOW HITPOINT WARNING * * *
You feel better.
The ogre hits you with a +0 giant spiked club!
* * * LOW HITPOINT WARNING * * *
It was a potion of cancellation.
Your magical effects are unravelling.
You feel magically purged.
You feel less wooden.
Your +0 cloak unmelds from your body.
Your +0 helmet unmelds from your body.
Your +0 chain mail unmelds from your body.
You feel a little less clever now.
The ogre hits you with a +0 giant spiked club!
You die...

#.# #.# #.#
###.#####
#.#######.......
#.............# #
#.######.....###.##
#.......†..........
#.######.........#
#.######.##.######
#........##@#
###########O#
######(# #.....(#
#.####.# #.# #.#
#.....(# #.###...


You could see an ogre.

Vanquished Creatures
  Grinder (D:2)
  A necrophage (D:4)
  2 water moccasin skeletons (D:4)
  Natasha (D:3)
  2 iguanas (D:4)
  A hound skeleton (D:4)
  Robin (D:3)
  2 adders
  3 worms
  A dart slug (D:1)
  7 orcs
  10 bats
  4 endoplasms
  6 giant cockroaches
  6 hobgoblins
  4 jackals (D:4)
  8 kobolds
  3 quokkas
  7 ball pythons
  2 frilled lizards (D:2)
  13 goblins
  7 rats
92 creatures vanquished.

Notes
Turn   | Place    | Note
-------+----------+-------------------------------------------
     0 | Abyss:1  | Gargoyl the Gargoyle Abyssal Knight began the quest for the
                  | Orb.
     0 | Abyss:1  | Reached XP level 1. HP: 14/14 MP: 2/2
     0 | D:1      | Escaped the Abyss
    41 | D:1      | Reached skill level 2 in Axes
   151 | D:1      | Reached XP level 2. HP: 16/19 MP: 3/3
   202 | D:1      | Reached * piety under Lugonu
   497 | D:1      | Reached XP level 3. HP: 21/24 MP: 4/4
  1564 | D:2      | Reached skill level 1 in Dodging
  1564 | D:2      | Reached XP level 4. HP: 13/29 MP: 5/5
  1957 | D:2      | Found a faded altar of an unknown god.
  2133 | D:3      | Reached ** piety under Lugonu
  2134 | D:3      | Reached skill level 1 in Stealth
  2141 | D:3      | Noticed Grinder
  2269 | D:2      | Killed Grinder
  2270 | D:2      | Reached skill level 4 in Axes
  2270 | D:2      | Reached XP level 5. HP: 11/34 MP: 6/6
  2270 | D:2      | Reached XP level 6. HP: 13/39 MP: 7/7
  2603 | D:3      | Noticed Robin
  2625 | D:3      | Killed Robin
  2830 | D:3      | Noticed Natasha
  2838 | D:3      | Killed Natasha
  2953 | D:3      | Found an ancient bone altar of Kikubaaqudgha.
  3754 | D:4      | Noticed a necrophage
  3764 | D:4      | Killed a necrophage
  3765 | D:4      | Reached XP level 7. HP: 28/44 MP: 8/8
  4088 | D:4      | Reached *** piety under Lugonu
  4122 | D:4      | Reached skill level 5 in Axes
  4316 | D:4      | Slain by an ogre

Illustrated notes

Levels and vault maps discovered:
D:1:      minmay_arrival_stair_chambers, layout_rooms
D:2:      layout_basic, dreamdust_ecumenical_altar_angels_and_demons
D:3:      layout_loops_ring, mainiacjoe_overflow_alcove_4, uniq_natasha,
          uniq_robin, uniq_grinder
D:4:      layout_loops_corners, minmay_strange_pillars, due_unseen_surprise

Skill      XL: |  1  2  3  4  5  6  7 |
---------------+----------------------+-----
Axes           | 2 4 5 |  5.1
Fighting       | 4 |  4.7
Dodging        | 1 2 |  2.1
Stealth        | 1 |  1.8
Armour         | 3 4 |  4.0
Throwing       | |  0.4
Invocations    | |  2.2

Action                   |  1- 3 |  4- 6 |  7- 9 || total
-------------------------+-------+-------+-------++-------
Melee: Hand axe          |   118 |   158 |    43 ||   319
       Punch             |       |     3 |     1 ||     4
Throw: Dart              |       |     3 |     4 ||     7
Invok: Depart the Abyss  |     1 |       |       ||     1
       Bend Space        |       |       |     1 ||     1
  Use: Scroll            |     1 |     2 |     2 ||     5
       Potion            |       |       |     5 ||     5
Armor: Leather armour    |    74 |     6 |       ||    80
       Chain mail        |       |    80 |    21 ||   101
       Skin              |       |       |     3 ||     3
Dodge: Dodged            |   109 |    67 |     9 ||   185

Table legend: (Time is in decaauts)
 A = Elapsed time spent in this place.
 B = Non-inter-level travel time spent in this place.
 C = Inter-level travel time spent in this place.
 D = Time resting spent in this place.
 E = Time spent auto-exploring this place.
 F = Levels seen in this place.
 G = Mean time per level.
                   A        B        C        D        E       F      G
               +--------+--------+--------+--------+--------+-----+--------+
         Total |   4362 |   4287 |     75 |    267 |   3152 |   5 |  872.4 |
       Dungeon |   4362 |   4287 |     75 |    267 |   3152 |   4 | 1090.5 |
         Abyss |      0 |      0 |      0 |      0 |      0 |   1 |    0.0 |
               +--------+--------+--------+--------+--------+-----+--------+

Top non-repeatable levels by time:
     D:2: 1601 daAuts
     D:4: 1104 daAuts
     D:3: 842 daAuts
     D:1: 814 daAuts
